 Dungeon Crawl Stone Soup version 0.19-a0-1320-g0178847 (webtiles) character file.

11 mopl the Magician (level 2, 1/24 HPs)
             Began as a Troll Wizard on Aug 31, 2016.
             Quit the game on level 3 of the Dungeon.
             The game lasted 00:01:49 (208 turns).

mopl the Magician (Troll Wizard)                     Turns: 208, Time: 00:01:49

Health: 1/24       AC:  5    Str: 14    XL:     2   Next: 13%
Magic:  4/4        EV:  9    Int: 14    God:
Gold:   26         SH:  0    Dex:  8    Spells: 3 memorised, 0 levels left

rFire  . . .     SeeInvis .       - Unarmed
rCold  . . .     Gourm    +     a - +0 robe
rNeg   . . .     Faith    .     (no shield)
rPois  .         Spirit   .     b - +0 hat
rElec  .         Dismiss  .     (no cloak)
rCorr  .         Reflect  .     (gloves unavailable)
MR     .....     Harm     .     (boots unavailable)
Stlth  +.........               (no amulet)
                                (no ring)
                                (no ring)

@: lethally poisoned (1 -> -35)
A: unfitting armour, claws 3, fast metabolism 3, gourmand, regeneration 1,
shaggy fur 1, tough skin 2
a: no special abilities


You were on level 3 of the Dungeon.
You were not hungry.

You visited 1 branch of the dungeon, and saw 3 of its levels.

You collected 26 gold pieces.

Inventory:

Missiles
 i - 8 needles of paralysis
Armour
 a - a +0 robe (worn)
 b - a +0 hat (worn)
Scrolls
 e - a scroll of random uselessness {unknown}
 h - a scroll of remove curse {unknown}
Books
 c - a book of Minor Magic

   Spells                             Type                      Level
   a - Magic Dart                     Conjuration                  1
   b - Blink                          Translocation                2
   c - Call Imp                       Summoning                    2
   d - Repel Missiles                 Charms/Air                   2
   e - Slow                           Hexes                        2
   f - Conjure Flame                  Conjuration/Fire             3
   g - Mephitic Cloud                 Conjuration/Poison/Air       3
Comestibles
 d - 3 bread rations
 f - 8 chunks of flesh
 g - a meat ration


   Skills:
 - Level 1.5 Dodging
 - Level 1.1 Stealth
 + Level 1.8 Unarmed Combat
 - Level 2.0 Spellcasting
 - Level 0.6 Conjurations
   Level 0.6 Summonings
 - Level 0.6 Translocations


You couldn't memorise any spells.
You knew the following spells:

 Your Spells              Type           Power        Failure   Level  Hunger
a - Magic Dart            Conj           #...         21%         1    ##.....
e - Blink                 Tloc           N/A          30%         2    ###....
i - Repel Missiles        Chrm/Air       #.....       34%         2    ###....


Dungeon Overview and Level Annotations

Branches:
Dungeon (3/15)

Altars:

Annotations:
D:3 Jessica


Innate Abilities, Weirdness & Mutations

You are too large for most types of armour.
You have claws for hands.
Your metabolism is lightning-fast.
You like to eat raw meat.
Your natural rate of healing is unusually fast.
You are covered in fur. (AC +1)
You have very tough skin. (AC +2)


Message History

You barely miss Jessica.
* * * LOW HITPOINT WARNING * * *
You feel very sick. Jessica gestures at you while chanting.
You barely resist. You closely miss Jessica.
* * * LOW HITPOINT WARNING * * *
You feel very sick. Jessica hits you but does no damage.
You are more poisoned.
Jessica barely misses you.
You scratch Jessica.
Jessica is severely wounded.
* * * LOW HITPOINT WARNING * * *
You feel very sick. Jessica hits you but does no damage.
You are more poisoned.
Unknown command.
You aren't carrying any potions.
Are you sure you want to abandon this character and quit the game? (Confirm with "yes".)

##########
#........#
#.######.#
#.# #.#
#.# #.#
#.# #@#
#.# #@#
#.# #.#
#.# #.#
#.# #.#
#.# #.#
#.# #.#
#.######.#
#.....<#


You could see Jessica.

Vanquished Creatures
  A giant cockroach (D:1)
  A goblin (D:2)
  2 hobgoblins
  2 kobolds (D:2)
  A quokka (D:2)
  A giant newt (D:2)
  A rat (D:1)
9 creatures vanquished.

Notes
Turn   | Place    | Note
-------+----------+-------------------------------------------
     0 | D:1      | mopl the Troll Wizard began the quest for the Orb.
     0 | D:1      | Reached XP level 1. HP: 16/16 MP: 2/2
    41 | D:1      | Reached skill level 1 in Unarmed Combat
   113 | D:2      | Reached XP level 2. HP: 18/24 MP: 4/4
   121 | D:2      | Learned a level 2 spell: Blink
   124 | D:2      | Learned a level 2 spell: Repel Missiles
   198 | D:3      | Noticed Jessica
   207 | D:3      | HP: 1/24 [poisoned by Jessica]
   208 | D:3      | Quit the game

Vault maps used:
D:1:      scummos_arrival_checkerplants
D:2:      nicolae_ashenzari_panopticon
D:3:      first_bread, uniq_jessica

Skill      XL: |  1 |
---------------+----+-----
Unarmed Combat | 1 |  1.8
Dodging        | |  1.5
Stealth        | |  1.1
Spellcasting   | |  2.0
Conjurations   | |  0.6
Summonings     | |  0.6
Translocations | |  0.6

Action                   || total
-------------------------++-------
Melee: Unarmed           ||    44
  Eat: Chunk             ||     1
Armor: Robe              ||    16
Dodge: Dodged            ||    17
